 Dungeon Crawl Stone Soup version 0.22.1-1-ga44c0e5 (webtiles) character file.

238 aMcNicky the Ruffian (level 6, -1/51 (52) HPs)
             Began as a Ghoul Gladiator on Oct 29, 2018.
             Was a Follower of Makhleb.
             Slain by a wight
             ... wielding a +5 great sword
              (7 damage)
             ... on level 3 of the Dungeon.
             The game lasted 00:10:10 (3174 turns).

aMcNicky the Ruffian (Ghoul Gladiator)              Turns: 3174, Time: 00:10:11

HP:   -1/51 (52)    AC:  6    Str: 19    XL:     6   Next: 7%
MP:   5/5           EV:  6    Int:  4    God:    Makhleb [*.....]
Gold: 116           SH: 12    Dex: 10    Spells: 5/5 levels left

rFire    . . .     SeeInvis .     - Unarmed
rCold    + . .     Gourm    .   n - +0 large shield
rNeg     + + +     Faith    .   l - +0 ring mail
rPois    ∞         Spirit   .   b - +0 helmet
rElec    .         Reflect  .   (no cloak)
rCorr    .         Harm     .   (no gloves)
MR       .....                  (no boots)
Stlth    ..........             (no amulet)
HPRegen  0.00/turn              (no ring)
MPRegen  0.09/turn              (no ring)

@: rotting
A: rotting body, claws 1, carnivore, cold resistance 1, negative energy
resistance 3, inhibited regeneration, torment resistance, unbreathing
a: Renounce Religion


You were on level 3 of the Dungeon.
You worshipped Makhleb.
Makhleb was aware of your devotion.
You were not hungry.

You visited 1 branch of the dungeon, and saw 3 of its levels.

You collected 116 gold pieces.

Inventory:

Hand Weapons
 a - a +0 hunting sling
Missiles
 c - 3 throwing nets (quivered)
 i - 79 stones
Armour
 b - a +0 helmet (worn)
 g - a +0 leather armour
 l - a +0 ring mail (worn)
 n - a +0 large shield (worn)
Jewellery
 o - a cursed +1 ring of slaying {unknown}
 r - an uncursed ring of ice {unknown}
Wands
 p - a wand of random effects (25)
Scrolls
 e - 5 scrolls of identify {unknown}
 j - a scroll of teleportation {unknown}
 m - 2 scrolls of remove curse {unknown}
 q - a scroll of fog {unknown}
Potions
 f - a potion of curing {unknown}
 h - 2 potions of haste {unknown}
Comestibles
 d - 11 rations


   Skills:
 + Level 3.9 Fighting
 - Level 1.7 Throwing
 + Level 1.2 Armour
 - Level 2.6 Dodging
 + Level 1.2 Shields
 * Level 5.7 Unarmed Combat


You had 5 spell levels left.
You didn't know any spells.
Your spell library was empty.

Dungeon Overview and Level Annotations

Branches:
Dungeon (3/15)

Altars:
Hepliaklqana
Makhleb
Xom
Yredelemnul
Zin


Innate Abilities, Weirdness & Mutations

Your body is rotting away.
You thrive on raw meat.
You are immune to poison.
You have sharp fingernails.
You are carnivorous and can eat meat at any time.
Your flesh is cold resistant. (rC+)
You are immune to negative energy. (rN+++)
You do not regenerate when monsters are visible.
You are immune to unholy pain and torment.
You can survive without breathing.


Message History

The wight is severely damaged.
You closely miss the wight.
The wight is severely damaged.
You block the wight's attack. x2
You scratch the wight but do no damage.
The wight is severely damaged.
The wight completely misses you.
The wight hits you with an enchanted great sword!
* * * LOW HITPOINT WARNING * * *
You closely miss the wight.
The wight is severely damaged.
The wight hits you with an enchanted mace.
* * * LOW HITPOINT WARNING * * *
You block the wight's attack.
You closely miss the wight.
The wight is severely damaged.
The wight hits you with an enchanted mace.
* * * LOW HITPOINT WARNING * * *
The wight hits you with an enchanted great sword!
You die...

#.##....#######Z## #..
#.##.##...'.##J#§###.#
#.....#...#.#####.##.#
#.....#####..._#J##..#
#.###.### ##...### ..#
#.###...#.##_..### #.#
#..[..#.#.####...###.#
#####z#...#.####'#.#.#
#@zg###.###..#.#)#
###r# #.##......<#
#...# #....##.####
#w### #.###...####
#....r..w.##...#.#....#
#...zz..#.####.#.#..#.#
#.......#.# #...#..#.#
#.......#.###########.#
#.......#.#.......# #..


You could see 2 wights, a hobgoblin and a rat.

Vanquished Creatures
  3 wights (D:3)
  A worker ant (D:2)
  3 adders (D:2)
  An ooze (D:3)
  3 worms
  A dart slug (D:3)
  A leopard gecko (D:2)
  7 bats
  2 giant cockroaches (D:2)
  6 goblins
  3 hobgoblins
  10 kobolds
  2 quokkas
  4 frilled lizards
  A leopard gecko skeleton (D:2)
  4 rats
52 creatures vanquished.

Notes
Turn   | Place    | Note
-------+----------+-------------------------------------------
     0 | D:1      | aMcNicky the Ghoul Gladiator began the quest for the Orb.
     0 | D:1      | Reached XP level 1. HP: 17/17 MP: 0/0
   486 | D:1      | Reached XP level 2. HP: 25/25 MP: 1/1
  1076 | D:2      | Noticed a green death
  1077 | D:2      | Found a burning altar of Makhleb.
  1084 | D:2      | Found a glowing silver altar of Zin.
  1084 | D:2      | Noticed an angel
  1094 | D:2      | Became a worshipper of Makhleb the Destroyer
  1196 | D:2      | Reached skill level 4 in Unarmed Combat
  1335 | D:2      | Reached XP level 3. HP: 29/30 MP: 2/2
  1386 | D:2      | Reached XP level 4. HP: 35/38 MP: 3/3
  1632 | D:2      | Reached skill level 5 in Unarmed Combat
  2267 | D:3      | Found a hazy altar of Hepliaklqana.
  2543 | D:3      | Found a basalt altar of Yredelemnul.
  2665 | D:3      | Found a shimmering altar of Xom.
  2665 | D:3      | Noticed a death ooze
  2666 | D:3      | Noticed a spectral ugly thing
  2666 | D:3      | Noticed a death ooze
  2714 | D:3      | Reached XP level 5. HP: 19/44 MP: 4/4
  2888 | D:3      | Reached skill level 1 in Armour
  2888 | D:3      | Reached skill level 1 in Shields
  2896 | D:3      | Reached XP level 6. HP: 14/51 MP: 5/5
  3164 | D:3      | Reached * piety under Makhleb
  3174 | D:3      | Slain by a wight

Skill      XL: |  1  2  3  4  5 |
---------------+----------------+-----
Unarmed Combat | 4 5 |  5.7
Fighting       | 3 |  3.9
Armour         | 1 |  1.2
Shields        | 1 |  1.2
Throwing       | |  1.7
Dodging        | |  2.6

Action                   |  1- 3 |  4- 6 || total
-------------------------+-------+-------++-------
Melee: Unarmed           |    59 |   124 ||   183
       Punch             |     1 |     1 ||     2
 Fire: Hunting sling     |    20 |     4 ||    24
  Eat: Chunk             |     2 |     5 ||     7
Armor: Leather armour    |    10 |     5 ||    15
       Ring mail         |       |    32 ||    32
Dodge: Dodged            |    35 |    33 ||    68
Block: Large shield      |       |    68 ||    68
